 Dungeon Crawl Stone Soup version 0.27.1-3-gb3d3a73c9e (webtiles) character file.

Game seed: 11815096289079050961

39 Descartes the Ducker (level 3, 0/16 HPs)
             Began as a Felid Transmuter on Oct 16, 2021.
             Succumbed to an adder's poison
             ... on level 2 of the Dungeon.
             The game lasted 00:05:43 (2996 turns).

Descartes the Ducker (Felid Transmuter)             Turns: 2996, Time: 00:05:44

Health: 0/16       AC:  1    Str:  7    XL:     3   Next: 26%
Magic:  7/7        EV: 18    Int: 14    God:
Gold:   77         SH:  0    Dex: 16    Spells: 1/6 levels left
                                        Lives:  0   Deaths: 0

rFire    . . .     SeeInvis +     - Unarmed
rCold    . . .     Faith    .   (shield unavailable)
rNeg     . . .     Spirit   .   (armour unavailable)
rPois    .         Reflect  .   (helmet unavailable)
rElec    .         Harm     .   (cloak unavailable)
rCorr    .         Rampage  .   (gloves unavailable)
Will     .....                  (boots unavailable)
Stlth    ++........             (no amulet)
HPRegen  0.05/turn              (no ring)
MPRegen  0.10/turn              (no ring)

@: lethally poisoned (0 -> -4), quick
A: very small, claws 1, fangs 3, see invisible, speed 1, shaggy fur 1, stealthy
paws, no weapons or thrown items, no armour, multi-lived
a: no special abilities


You were on level 2 of the Dungeon.
You visited 1 branch of the dungeon, and saw 3 of its levels.

You collected 77 gold pieces.

Inventory:

Scrolls
 a - a scroll of vulnerability {unknown}
 c - 2 scrolls of identify {unknown}
 f - a scroll of fear {unknown}
 h - a scroll of noise {unknown}
 i - a scroll of enchant armour {unknown}
 j - a scroll of teleportation {unknown}
 k - a scroll of amnesia {unknown}
Potions
 b - a potion of curing {unknown}
 d - 2 potions of mutation {unknown}
 e - 3 potions of haste {unknown}
 g - a potion of resistance {unknown}


   Skills:
 + Level 1.6 Fighting
 + Level 3.4 Dodging
 + Level 1.6 Stealth
 + Level 3.3 Unarmed Combat
 - Level 2.0 Spellcasting
 + Level 0.1 Conjurations
 + Level 0.0 Hexes
 + Level 2.4 Transmutations


You had one spell level left.
You knew the following spells:

 Your Spells              Type           Power      Damage    Failure   Level
a - Beastly Appendage     Tmut           16%        N/A       9%          1
b - Magic Dart            Conj           4%         1d3       22%         1
c - Dazzling Flash        Conj/Hex       2%         N/A       56%         3

Your spell library contained the following spells:

 Spells                   Type           Power      Damage    Failure   Level
 Wereblood                Tmut           8%         N/A       13%         2
 Passwall                 Tmut/Erth      3%         N/A       22%         2
 Searing Ray              Conj           2%         3d3       32%         2
 Spider Form              Tmut/Pois      2%         N/A       41%         3
 Swiftness                Air            1%         N/A       56%         3
 Ice Form                 Ice/Tmut       4%         N/A       82%         4
 Fulminant Prism          Conj/Hex       0%         3d6       92%         4
 Iskenderun's Mystic Bla  Conj/Tloc      1%         2d3       92%         4
 Invisibility             Hex            0%         N/A       100%        6
 Starburst                Conj/Fire      0%         6d3       100%        6


Dungeon Overview and Level Annotations

Branches:
Dungeon (3/15)

Altars:

Annotations:
D:3 Grinder


Innate Abilities, Weirdness & Mutations

You have sharp claws.
You have razor-sharp teeth.
You have supernaturally acute eyesight. (SInv)
You cover ground quickly. (Speed+)
You are covered in fur. (AC +1)
Your paws help you pounce on unaware monsters.
You are incapable of wielding weapons or throwing items.
You cannot wear armour.
You gain extra lives every three experience levels.


Message History

The adder is heavily wounded.
The adder bites you.
You closely miss the adder.
The adder is heavily wounded.
The adder misses you.
You closely miss the adder. Your headbutt misses the adder.
The adder is heavily wounded.
The adder bites you.
You are poisoned.
The adder poisons you!
You feel sick.
You feel sick. The adder completely misses you.
Your magical contamination has completely faded away.
You feel sick.
You feel sick.
You open the door.
You feel sick.
You are no longer poisoned.
The adder barely misses you.
There is an open door here.
Things that are here:
a +0 whip; 2 stones; a kobold corpse Your transformation is almost over.
Your horns disappear.
There is a stone staircase leading up here.
The adder misses you. x2
You climb upwards.
There is a stone staircase leading down here.
The adder bites you but does no damage.
There is an open door here.
The adder closely misses you. The adder bites you.
You are lethally poisoned!
The adder poisons you!
* * * LOW HITPOINT WARNING * * *
You feel sick.
* * * LOW HITPOINT WARNING * * *
You feel sick.
* * * LOW HITPOINT WARNING * * *
You feel sick.
You die...

#.#.# #.# #.## ##.....##
#...###.# #..## ##.......##
##.......#######...####.........#
......................+.........'
##...###########.|.####.........#
##..# #..## ##.......## #..# #S##
##.....## #.## #.# ##...## #.#
#@# ##'## #.# #.## #.# #.# ##..##
#.# ###.# #.#..# ##.## ....#
##..## ##...## ##### ###.#####
#.....# #.......# ##...##
#.#.###.#####.#####
#.#................


You could see an adder.

Vanquished Creatures
  A worm (D:2)
  A dart slug (D:3)
  4 bats
  2 giant cockroaches (D:1)
  A goblin (D:1)
  7 hobgoblins
  A quokka (D:3)
  5 ball pythons
  3 frilled lizards (D:1)
  5 kobolds
  3 rats
33 creatures vanquished.

Vanquished Creatures (others)
  5 plants (D:3)
5 creatures vanquished.

Grand Total: 38 creatures vanquished

Notes
Turn   | Place    | Note
-------+----------+-------------------------------------------
     0 | D:1      | Descartes the Felid Transmuter began the quest for the Orb.
     0 | D:1      | Reached XP level 1. HP: 9/9 MP: 4/4
   171 | D:1      | Reached skill level 1 in Stealth
   201 | D:1      | Reached XP level 2. HP: 12/12 MP: 6/6
   832 | D:1      | Learned a level 1 spell: Magic Dart
  1858 | D:2      | Reached XP level 3. HP: 15/15 MP: 1/7
  2198 | D:3      | Learned a level 3 spell: Dazzling Flash
  2338 | D:3      | Noticed Grinder
  2996 | D:2      | Succumbed to an adder's poison

Illustrated notes

Levels and vault maps discovered:
D:1:      sevenhm_arrival_forest_fort_small_4, layout_basic
D:2:      layout_loops_corners
D:3:      layout_loops_corners, serial_forest, infiniplex_forest_end_1,
          infiniplex_forest_end_2, infiniplex_forest_clump_curved,
          infiniplex_forest_clump_double, infiniplex_forest_lined_ring,
          infiniplex_forest_lined_1, infiniplex_forest_corner_1, minivault_5,
          uniq_grinder

Skill      XL: |  1  2 |
---------------+-------+-----
Stealth        | 1 |  1.6
Dodging        | 3 |  3.4
Fighting       | |  1.6
Unarmed Combat | |  3.3
Spellcasting   | |  2.0
Conjurations   | |  0.1
Transmutations | |  2.4

Action                   || total
-------------------------++-------
Melee: Unarmed           ||    75
       Bite              ||     6
       Headbutt          ||     1
       Punch             ||     1
 Cast: Magic Dart        ||    31
       Beastly Appendage ||    11
 Stab: Sleeping          ||     1
Armor: Skin              ||     7
Dodge: Dodged            ||    71
